 Dungeon Crawl Stone Soup version 0.29.1-1-gd02db6906a (webtiles) character file.

Game seed: 16210228368825858065

13684 Groucho the Unseen (level 11, -13/53 HPs)
             Began as a Spriggan Enchanter on Oct 16, 2022.
             Was an Initiate of Gozag.
             Mangled by a large slime creature (41 damage)
             ... on level 12 of the Dungeon.
             The game lasted 00:32:57 (21457 turns).

Groucho the Unseen (Spriggan Enchanter)            Turns: 21457, Time: 00:32:58

Health: -13/53     AC:  4    Str:  7 (8)  XL:     11   Next: 78%
Magic:  16/25      EV: 21    Int: 21 (24) God:    Gozag
Gold:   1742       SH:  0    Dex: 14 (15) Spells: 16/28 levels left

rFire   . . .      SeeInvis +   M - +2 rapier (speed)
rCold   . . .      Faith    .   (no shield)
rNeg    . . .      Spirit   .   X - +0 robe {Will+}
rPois   +          Reflect  .   (helmet restricted)
rElec   .          Harm     .   P - +1 cloak {Stlth+}
rCorr   .          Rampage  .   (gloves unavailable)
Will    ++...                   (boots unavailable)
Stlth   +++++++...              r - amulet of the acrobat
HPRegen 0.17/turn               j - ring of poison resistance
MPRegen 0.19/turn               D - +6 ring of intelligence

@: very quick
A: very small, no large weapons, unfitting armour, see invisible, speed 3
a: Renounce Religion, Potion Petition, Call Merchant, Bribe Branch


You were on level 12 of the Dungeon.
You worshipped Gozag.
Gozag was most pleased with you.
You visited 3 branches of the dungeon, and saw 14 of its levels.

You collected 2218 gold pieces.
You spent 384 gold pieces at shops.
You paid 92 gold pieces to Gozag.

Inventory:

Hand Weapons
 d - a +4 dagger
 M - a +2 rapier of speed (weapon)
Missiles
 f - 142 stones (quivered)
 i - 6 throwing nets
 C - 32 poisoned darts
 S - a curare-tipped dart
 U - 3 boomerangs
Armour
 P - a +1 cloak of stealth (worn)
 X - a +0 robe of willpower (worn)
Jewellery
 j - a ring of poison resistance (left hand)
 r - an amulet of the acrobat (around neck)
 w - a ring of protection from cold
 D - a +6 ring of intelligence (right hand)
Wands
 I - a wand of mindburst (9)
 N - a wand of digging (3)
 O - a wand of roots (7)
 R - a wand of charming (5)
 T - a wand of flame (7)
Scrolls
 e - 3 scrolls of enchant armour {unknown}
 g - 3 scrolls of vulnerability {unknown}
 l - a scroll of butterflies {unknown}
 m - 2 scrolls of torment {unknown}
 p - 2 scrolls of enchant weapon {unknown}
 q - 9 scrolls of teleportation {unknown}
 s - 4 scrolls of immolation {unknown}
 t - 12 scrolls of identify {unknown}
 u - 2 scrolls of noise {unknown}
 v - 3 scrolls of fear {unknown}
 x - a scroll of acquirement {unknown}
 y - 2 scrolls of blinking {unknown}
 z - 4 scrolls of magic mapping {unknown}
 B - a scroll of brand weapon {unknown}
 G - a scroll of amnesia {unknown}
 V - a scroll of summoning {unknown}
Potions
 c - 2 potions of invisibility
 h - 4 potions of haste
 k - 2 potions of berserk rage {unknown}
 n - 2 potions of heal wounds {unknown}
 o - a potion of cancellation {unknown}
 E - 4 potions of degeneration
 F - 3 potions of might
 J - 3 potions of flight {unknown}
 K - 3 potions of mutation {unknown}
 L - 2 potions of brilliance {unknown}
 Q - a potion of lignification {unknown}
 W - a potion of ambrosia {unknown}


   Skills:
 + Level 4.0 Fighting
 * Level 6.4 Short Blades
 - Level 4.0 Throwing
 - Level 8.4 Dodging
 - Level 15.7 Stealth
 + Level 9.4 Spellcasting
 * Level 2.8 Conjurations
 * Level 11.5 Hexes


You had 16 spell levels left.
You knew the following spells:

 Your Spells              Type           Power      Damage    Failure   Level
a - Ensorcelled Hibernat  Hex/Ice        68%        N/A       1%          2
b - Confusing Touch       Hex            55%        N/A       1%          3
c - Dazzling Flash        Conj/Hex       80%        N/A       1%          3
d - Tukima's Dance        Hex            55%        N/A       1%          3
e - Magic Dart            Conj           84%        1d7       2%          1

Your spell library contained the following spells:

 Spells                   Type           Power      Damage    Failure   Level
 Call Imp                 Summ           9%         N/A       11%         2
 Poisonous Vapours        Pois/Air       18%        N/A       11%         2
 Sublimation of Blood     Necr           9%         N/A       11%         2
 Wereblood                Tmut           9%         N/A       11%         2
 Mephitic Cloud           Conj/Pois/Air  13%        N/A       14%         3
 Summon Hydra             Summ           4%         N/A       100%        7
 Corpse Rot               Necr/Pois/Air  Unusable   N/A       N/A         4

Dungeon Overview and Level Annotations

Branches:
Dungeon (12/15)            Temple (1/1) D:5            Lair (1/5) D:9
    Orc (0/2) D:9

Altars:
Ashenzari
Cheibriados
Dithmenos
Elyvilon
Fedhas
Gozag
Hepliaklqana
Kikubaaqudgha
Makhleb
Nemelex Xobeh
Okawaru
Qazlal
Ru
Sif Muna
Trog
Uskayaw
Vehumet
Wu Jian
Xom
Yredelemnul
Zin
The Shining One

Shops:
D:4 =   D:8 (   D:9 (   D:10 *

Portals:
Trove: D:11 (give +3 gold dragon scales)


Innate Abilities, Weirdness & Mutations

You are very small and have problems with some larger weapons.
You are too small for most types of armour.
You have supernaturally acute eyesight. (SInv)
You cover ground extremely quickly. (Speed+++)


Message History

Aim: a large slime creature (chance to affect: 45%)
The large slime creature looks drowsy...
The slime creature quivers.
The helpless large slime creature fails to defend itself.
You perforate the large slime creature like a sieve!!!!
The large slime creature is heavily wounded.
The large slime creature closely misses you.
Casting: Ensorcelled Hibernation (safe; 1% risk of failure)
Confirm with . or Enter, or press ? or * to list all spells.
Your hands begin to glow red.
Unknown command.
You hit the large slime creature but do no damage.
The large slime creature is heavily wounded.
The large slime creature closely misses you.
You hit the large slime creature but do no damage.
The large slime creature appears confused.
The large slime creature is heavily wounded.
The large slime creature hits you!!!
Ouch! That really hurt!
The large slime creature hits itself!!
You are too injured to fight recklessly!
Unknown command.
Unknown command.
You feel better.
Unknown command.
Unknown command.
You hit the large slime creature but do no damage.
The large slime creature is severely wounded.
You puncture the large slime creature!
The large slime creature is severely wounded.
Unknown command.
You catch the helpless large slime creature completely off-guard!
You impale the large slime creature!!
The large slime creature is almost dead.
You hit the large slime creature but do no damage.
The large slime creature is almost dead.
The large slime creature hits you!!!
Ouch! That really hurt!
You die...
Your body crumbles into a pile of gold.

###### #######
#....# #..)..#
#....# +.....#
#....#
#.....########....#
#.....#...JJ@.....#
#.....'.######....#
#.....### #....#
###'### #....# #..#
##.### ##.# #..#
#######'## ###'####
#.T..$J$.# #......#
#........# #......#


You could see a large slime creature (confused) and a slime creature.

Vanquished Creatures
  Erolcha (D:10)
  Harold (D:9)
  2 two-headed ogres (D:11)
  A death yak (Lair:1)
  Pikel (D:4)
  A black mamba (Lair:1)
  Maurice (D:9)
  A cane toad (Lair:1)
  A komodo dragon (D:9)
  A gargoyle (D:11)
  2 kobold demonologists (D:10)
  2 trolls (D:11)
  A hornet (D:9)
  2 slime creatures (D:12)
  Sigmund (D:5)
  2 wraiths
  A wyvern (D:9)
  A vampire (D:11)
  A basilisk (Lair:1)
  8 yaks
  3 steam dragons
  2 acid dragons
  5 water moccasins
  3 orc warriors
  3 ice beasts
  6 black bears
  2 ogres
  A centaur (D:8)
  4 kobold brigands
  9 bullfrogs
  A necrophage (D:6)
  4 scorpions
  5 wights (D:7)
  3 killer bees (D:8)
  3 howler monkeys
  3 hounds
  9 orc priests
  2 gnoll boudas
  3 jellies
  4 iguanas (D:5)
  13 orc wizards
  6 adders
  6 gnolls
  3 shadow imps
  A worm (D:2)
  2 dart slugs (D:1)
  28 orcs
  6 endoplasms
  6 giant cockroaches
  4 goblins
  12 hobgoblins
  6 jackals
  3 quokkas
  8 ball pythons
  3 bats (D:3)
  3 frilled lizards
  37 kobolds
  6 rats
  A spectral kobold (D:1)
261 creatures vanquished.

Vanquished Creatures (others)
  50 fungi (D:9)
  52 plants (D:9)
102 creatures vanquished.

Grand Total: 363 creatures vanquished

Notes
Turn   | Place    | Note
-------+----------+-------------------------------------------
     0 | D:1      | Groucho the Spriggan Enchanter began the quest for the Orb.
     0 | D:1      | Reached XP level 1. HP: 9/9 MP: 5/5
   458 | D:1      | Reached skill level 5 in Stealth
   458 | D:1      | Reached XP level 2. HP: 13/13 MP: 6/6
   511 | D:1      | Found a faded altar of an unknown god.
  1189 | D:1      | Reached XP level 3. HP: 16/16 MP: 8/8
  1538 | D:1      | Learned a level 2 spell: Ensorcelled Hibernation
  1542 | D:1      | Learned a level 3 spell: Confusing Touch
  2244 | D:2      | Reached skill level 6 in Stealth
  2913 | D:2      | Reached XP level 4. HP: 21/21 MP: 10/10
  3543 | D:3      | Noticed a black bear
  3549 | D:3      | Killed a black bear
  3550 | D:3      | Reached skill level 7 in Stealth
  3550 | D:3      | Reached XP level 5. HP: 24/24 MP: 8/12
  4204 | D:3      | Reached skill level 5 in Hexes
  4442 | D:3      | Reached skill level 8 in Stealth
  5014 | D:3      | Identified the +7 spear of Xisouk {freeze, rF++}
  5195 | D:4      | Noticed a black bear
  5202 | D:4      | Killed a black bear
  5203 | D:4      | Reached XP level 6. HP: 28/28 MP: 12/14
  5285 | D:4      | Found Bizaha's Jewellery Boutique.
  5356 | D:4      | Noticed Pikel
  5371 | D:4      | Killed Pikel
  5372 | D:4      | Reached skill level 10 in Stealth
  5372 | D:4      | Reached skill level 5 in Spellcasting
  5372 | D:4      | Reached XP level 7. HP: 32/32 MP: 12/16
  5421 | D:4      | Learned a level 3 spell: Dazzling Flash
  5425 | D:4      | Learned a level 3 spell: Tukima's Dance
  5943 | D:5      | Entered Level 5 of the Dungeon
  5991 | D:4      | Reached skill level 11 in Stealth
  6558 | D:5      | Reached XP level 8. HP: 36/36 MP: 18/18
  6579 | D:5      | Noticed Sigmund
  7106 | D:5      | Found a staircase to the Ecumenical Temple.
  7115 | Temple   | Entered the Ecumenical Temple
  7979 | Temple   | Became a worshipper of Gozag Ym Sagoz the Greedy
  7994 | D:5      | Killed Sigmund
  8024 | D:5      | Reached skill level 12 in Stealth
  9017 | D:6      | Reached skill level 13 in Stealth
  9673 | D:6      | Reached XP level 9. HP: 22/40 MP: 8/20
 10334 | D:6      | Found a shimmering altar of Xom.
 10335 | D:6      | Found an iron altar of Okawaru.
 10341 | D:6      | Found a snail-covered altar of Cheibriados.
 10571 | D:6      | Reached skill level 1 in Throwing
 11370 | D:7      | Reached skill level 1 in Fighting
 13062 | D:8      | Reached skill level 5 in Dodging
 13388 | D:8      | Reached skill level 14 in Stealth
 13819 | D:8      | Reached XP level 10. HP: 46/46 MP: 16/22
 14209 | D:8      | Found Rioh's Weapon Emporium.
 14357 | D:9      | Found a staircase to the Orcish Mines.
 14565 | D:9      | Noticed Harold
 14567 | D:9      | Killed Harold
 15448 | D:9      | Reached skill level 15 in Stealth
 16020 | D:9      | Found a staircase to the Lair.
 16031 | D:9      | Found Zeckush's Weapon Emporium.
 16058 | D:9      | Reached skill level 10 in Hexes
 16118 | D:9      | Bought a +2 rapier of speed for 384 gold pieces
 16203 | D:9      | Noticed Maurice
 16208 | D:9      | Killed Maurice
 16849 | Lair:1   | Entered Level 1 of the Lair of Beasts
 16905 | Lair:1   | Noticed a cane toad
 16912 | Lair:1   | Killed a cane toad
 16913 | Lair:1   | Reached XP level 11. HP: 52/52 MP: 21/24
 17149 | Lair:1   | Noticed a death yak
 17149 | Lair:1   | Noticed a death yak
 17152 | Lair:1   | Noticed a death yak
 17155 | Lair:1   | Noticed a death yak
 17157 | Lair:1   | Noticed a death yak
 17180 | Lair:1   | Killed a death yak
 17601 | D:10     | Entered Level 10 of the Dungeon
 18066 | D:10     | Noticed Erolcha
 18073 | D:10     | Killed Erolcha
 18074 | D:10     | Reached skill level 5 in Short Blades
 18153 | D:10     | Reached skill level 1 in Conjurations
 18517 | D:11     | Noticed a two-headed ogre
 18524 | D:11     | Killed a two-headed ogre
 18913 | D:11     | Noticed a two-headed ogre
 18930 | D:11     | Killed a two-headed ogre
 19251 | D:11     | Learned a level 1 spell: Magic Dart
 19400 | D:11     | Found a portal to a secret trove of treasure.
 19725 | D:11     | Noticed a two-headed ogre
 20883 | D:10     | Found Zin's Purification Station.
 20887 | D:10     | Found a glowing silver altar of Zin.
 21457 | D:12     | Mangled by a large slime creature

Illustrated notes

Levels and vault maps discovered:
D:1:      saegor_arrival_miasma, layout_loops_ring,
          dreamdust_ecumenical_altar_drowned_temple
D:2:      layout_loops_ring
D:3:      minmay_wonky_spiral, layout_loops_ring
D:4:      layout_basic, serial_shops, kennysheep_little_box, uniq_pikel
D:5:      layout_loops_ring, minmay_temple_entry_mini_moons, uniq_sigmund
D:6:      layout_loops_ring, chequers_temple_overflow_statue_of_worship,
          serial_co_window_serial, co_window_corner_a, co_window_corner_a,
          co_window_corner_a, co_window_paths_a, co_window_of_opportunity_a,
          co_window_corner_b, co_window_unsneaky_path_d, co_window_2corner,
          co_window_paths_c, co_window_cross_3, co_window_2corner,
          co_window_2corner, glass_columns_a, glass_columns_a, glass_columns_a
D:7:      layout_cave_pools
D:8:      layout_loops_cross, serial_shops, kennysheep_mini,
          minmay_fractal_squares_diagonal_5
D:9:      layout_loops_cross, due_lair_maze_entry_diamond, orc_0_dummy,
          serial_shops, shop, uniq_maurice, uniq_harold
D:10:     layout_roguey, zin_purify, uniq_erolcha
D:11:     layout_irregular_city, enter_trove_0
D:12:     layout_roguey
Temple:   hc_temple_tempest_star
Lair:1:   layout_regular_city, serial_bayou_pond_e

Skill      XL: |  1  2  3  4  5  6  7  8  9 10 11 |
---------------+----------------------------------+-----
Stealth        | 5 6 7 8 10 11 13 14 15 | 15.7
Spellcasting   | 3 4 5 6 7 8 9 |  9.4
Hexes          | 4 5 6 7 9 10 11 | 11.5
Dodging        | 3 5 8 |  8.4
Throwing       | 2 3 4 |  4.0
Fighting       | 2 3 4 |  4.0
Short Blades   | 3 4 6 |  6.4
Conjurations   | 2 |  2.8

Action                   |  1- 3 |  4- 6 |  7- 9 | 10-12 || total
-------------------------+-------+-------+-------+-------++-------
Melee: Dagger            |    79 |    57 |   189 |    30 ||   355
       Rapier            |       |       |       |   161 ||   161
       Punch             |       |       |       |     1 ||     1
 Cast: Ensorcelled Hiber |     5 |    22 |    79 |   110 ||   216
       Confusing Touch   |       |       |    12 |    10 ||    22
  Use: Potion            |       |       |     3 |     5 ||     8
 Stab: Sleeping          |    19 |    26 |    74 |    81 ||   200
       Confused          |       |       |     8 |    12 ||    20
       Distracted        |       |       |       |     2 ||     2
Armor: Robe              |     2 |     5 |    10 |     9 ||    26
Dodge: Dodged            |    47 |    33 |   122 |   105 ||   307
